 Dungeon Sprint DCSS version 0.26-a0-863-g3bff4b215c (webtiles) character file.

Game seed: 5306623358358851484

44539 sahdkjhfkaj the Eclecticist (level 13, -7/86 HPs)
             Began as a Deep Elf Fire Elementalist on Nov 26, 2020.
             Was the Champion of Vehumet.
             Collided with a shadow dragon (17 damage)
             ... caused by a white draconian
             ... in the Dungeon (Sprint V: "Ziggurat Sprint").
             The game lasted 00:13:47 (2250 turns).

sahdkjhfkaj the Eclecticist (DEFE)                  Turns: 2250, Time: 00:13:48

Health: -7/86      AC:  2    Str:  5    XL:     13   Next: 96%
Magic:  18/39      EV: 20    Int: 38    God:    Vehumet [******]
Gold:   0          SH:  0    Dex: 15    Spells: 9/52 levels left

rFire    . . .     SeeInvis .   G - staff of conjuration
rCold    . . .     Faith    .   (no shield)
rNeg     . . .     Spirit   .   a - +0 robe
rPois    .         Reflect  .   (no helmet)
rElec    .         Harm     .   (no cloak)
rCorr    .         Rampage  .   (no gloves)
MR       +....     NoTele   +   (no boots)
Stlth    ++........             F - amulet of the acrobat
HPRegen  0.24/turn              v - +6 ring of intelligence
MPRegen  0.26/turn              u - +6 ring of intelligence

@: slightly contaminated, drained, invisible (expiring)
A: no striking features
a: Renounce Religion


You were in the Dungeon.
You worshipped Vehumet.
Vehumet was exalted by your worship.
You visited 1 branch

Inventory:

Armour
 a - a +0 robe (worn)
Magical Staves
 G - an uncursed staff of conjuration (weapon)
Jewellery
 r - an uncursed ring of flight
 s - a +6 ring of dexterity
 t - a +6 ring of dexterity
 u - a +6 ring of intelligence (right hand)
 v - a +6 ring of intelligence (left hand)
 w - a +6 ring of strength
 x - a +6 ring of strength
 F - an amulet of the acrobat (around neck)
Wands
 y - a wand of disintegration (2)
 z - a wand of iceblast (6)
 A - a wand of acid (7)
Scrolls
 h - 2 scrolls of blinking {!r}
 k - 4 scrolls of amnesia {!r}
 m - 7 scrolls of fog {!r}
 n - a scroll of holy word {!r}
 o - 5 scrolls of identify {!r}
 p - 5 scrolls of remove curse {!r}
 q - a scroll of fear {!r}
Potions
 b - 2 potions of brilliance {!q}
 c - 7 potions of curing {!q}
 d - 9 potions of heal wounds {!q}
 e - 5 potions of haste {!q}
 f - 5 potions of magic {!q}
 g - 3 potions of berserk rage {!q}
 i - a potion of invisibility {!q}
 j - 3 potions of resistance {!q}
 l - 5 potions of might {!q}
Miscellaneous
 B - a lightning rod (4/4)
 C - a condenser vane
 D - a phantom mirror
 E - a condenser vane


   Skills:
 - Level 12.0(11.1) Fighting
 - Level 12.0(11.1) Dodging
 - Level 2.4(1.7) Stealth
 - Level 20.0(19.0) Spellcasting
 + Level 16.7(15.7) Conjurations
 - Level 15.0(14.1) Hexes
 - Level 12.0(11.1) Summonings
 - Level 12.0(11.1) Translocations
 + Level 16.6(15.7) Fire Magic
 - Level 11.9(11.1) Evocations


You had 9 spell levels left.
You knew the following spells:

 Your Spells              Type           Power        Failure   Level
a - Orb of Destruction    Conj           ########..   1%          7
b - Foxfire               Conj/Fire      ####         0%          1
c - Fire Storm            Conj/Fire      ########..   30%         9
e - Inner Flame           Hex/Fire       #######.     0%          3
f - Fireball              Conj/Fire      ########..   1%          5
i - Invisibility          Hex            #######.     1%          6
A - Irradiate             Conj/Tmut      #######...   1%          5
G - Malign Gateway        Summ/Tloc      #######...   7%          7

Your spell library contained the following spells:

 Spells                   Type           Power        Failure   Level
 Conjure Ball Lightning   Conj/Air       #######...   1%          6
 Apportation              Tloc           ######       0%          1
 Conjure Flame            Conj/Fire      ########     0%          3
 Sticky Flame             Conj/Fire      ########     0%          4
 Pain                     Necr           ####         1%          1
 Shock                    Conj/Air       ####         1%          1
 Ensorcelled Hibernation  Hex/Ice        ######       1%          2
 Passwall                 Tmut/Erth      #####...     1%          2
 Sublimation of Blood     Necr           #####.....   1%          2
 Swiftness                Air            #####...     1%          2
 Ignite Poison            Fire/Tmut/Pois ######..     1%          3
 Static Discharge         Conj/Air       #######.     1%          3
 Leda's Liquefaction      Hex/Erth       ######....   1%          4
 Passage of Golubria      Tloc           N/A          1%          4
 Bolt of Magma            Conj/Fire/Erth ########..   1%          5
 Iskenderun's Battlesphe  Conj           ########     1%          5
 Lightning Bolt           Conj/Air       #######...   1%          5
 Silence                  Hex/Air        ######....   1%          5
 Yara's Violent Unravell  Hex/Tmut       ######....   1%          5
 Dispersal                Tloc           #######...   1%          6
 Iron Shot                Conj/Erth      #######...   1%          6
 Shadow Creatures         Summ           N/A          1%          6
 Spellforged Servitor     Conj/Summ      ########..   1%          7
 Spider Form              Tmut/Pois      #####.....   2%          3
 Airstrike                Air            #####.....   2%          4
 Lee's Rapid Deconstruct  Erth           #####.....   6%          5
 Petrify                  Tmut/Erth      #####...     8%          4
 Alistair's Intoxication  Tmut/Pois      #####....    22%         5
 Borgnjor's Vile Clutch   Necr/Erth      #####.....   22%         5
 Excruciating Wounds      Necr           #####.....   22%         5
 Chain Lightning          Conj/Air       #######...   45%         8
 Lehudib's Crystal Spear  Conj/Erth      #######...   45%         8
 Haunt                    Necr/Summ      ######....   56%         7
 Eringya's Noxious Bog    Tmut/Pois      #####.....   77%         6
 Statue Form              Tmut/Erth      #####....    77%         6
 Borgnjor's Revivificati  Necr           #####.....   100%        8
 Infestation              Necr           #####.....   100%        8
 Necromutation            Tmut/Necr      #####.....   100%        8
 Absolute Zero            Ice            #####.....   100%        9
 Death's Door             Necr           #####.....   100%        9
 Shatter                  Erth           #####.....   100%        9


Dungeon Overview and Level Annotations

Branches:
Dungeon (1/1)

Altars:
Ashenzari
Cheibriados
Dithmenos
Elyvilon
Fedhas
Gozag
Hepliaklqana
Kikubaaqudgha
Makhleb
Nemelex Xobeh
Okawaru
Qazlal
Ru
Sif Muna
Trog
Uskayaw
Vehumet
Wu Jian
Xom
Yredelemnul
Zin
The Shining One
Beogh
Jiyva
Lugonu


Message History

Casting: Fireball (safe; 1% risk of failure)
Confirm with . or Enter, or press ? or * to list all spells.
The dungeon shakes, a horrible noise fills the air, and a portal to some otherworldly place is opened!
The moth of wrath's fur bristles in rage as it notices you.
The shadow dragon breathes negative energy at you.
The bolt of negative energy misses you.
Casting: Malign Gateway (dangerous; 7% risk of failure)
Confirm with . or Enter, or press ? or * to list all spells.
The spell is extremely dangerous to cast (30% risk of failure)!
Continue anyway?
Press: ? - help, Dir - move target cursor You feel a surge of power!
You miscast Fire Storm.
You are lightly contaminated with residual magic.
You are blasted with searing flames!!
* * * LOW HITPOINT WARNING * * *
The white draconian breathes frost at you.
The chilling breath hits the shadow dragon!
The shadow dragon resists.
The shadow dragon is blown backwards by the freezing wind.
The shadow dragon collides with you!
You die...

▓.............▓........
▓........d....▓........
▓.yd.d...d....▓..▓.....
▓...d.........▓.▓▓▓...▓
▓.....d.......▓..▓.....
▓.....d.......▓.....©..
▓..▓.......▓..▓▓▓▓▓▓▓▓▓
▓.....D.....§.▓....8©8.
▓.....@.....w§▓..=..}.)
▓......©...§.§▓...)=})=
▓▓▓▓▓▓▓▓▓▓▓▓▓▓▓.....).)
▓...).... ▓....))))
▓...).... ▓..▓.....
▓.▓▓▓...▓ ▓..▓..(..


You could see a shadow dragon (catching breath), 3 draconians, 3 draconians, a
white draconian (catching breath), a moth of wrath (wandering) and a friendly
eldritch tentacle.

Vanquished Creatures
  An electric golem (D)
  An acid blob (D)
  2 deep elf master archers (D)
  3 deep elf blademasters (D)
  A deep elf sorcerer (D)
  A reaper (D)
  A deep elf annihilator (D)
  A spark wasp (D)
  3 merfolk impalers (D)
  A great orb of eyes (D)
  A death ooze (D)
  An ice dragon (D)
  A boulder beetle (D)
  An alligator snapping turtle (D)
  A satyr (D)
  4 two-headed ogres (D)
  A deep elf archer (D)
  2 shining eyes (D)
  A wolf spider (D)
  2 deep elf magi (D)
  An orb spider (D)
  A cyclops (D)
  6 ugly things (D)
  A merfolk siren (D)
  A black mamba (shapeshifter) (D)
  A water nymph (D)
  An eye of devastation (D)
  2 cane toads (shapeshifter) (D)
  A rime drake (shapeshifter) (D)
  3 ice devils (D)
  A demonic crawler (D)
  A queen bee (shapeshifter) (D)
  A guardian mummy (D)
  2 merfolk (D)
  2 jumping spiders (D)
  A jumping spider (shapeshifter) (D)
  A troll (shapeshifter) (D)
  A hornet (D)
  2 slime creatures (D)
  A snapping turtle (D)
  2 redbacks (D)
  A tarantella (D)
  A wraith (D)
  A golden eye (shapeshifter) (D)
  3 golden eyes (D)
  A human (shapeshifter) (D)
  4 neqoxecs (D)
  A soldier ant (shapeshifter) (D)
  3 hell hounds (D)
  An ice beast (D)
  2 eyes of draining (shapeshifter) (D)
  An ogre (D)
  A crimson imp (D)
  7 jellies (D)
  2 orc priests (D)
  2 orc wizards (D)
  3 mummies (D)
  A white imp (D)
  An ufetubus (D)
  3 oozes (D)
  3 orcs (D)
  A bat zombie (D)
  A jackal skeleton (D)
  A leopard gecko skeleton (D)
  A quokka skeleton (D)
109 creatures vanquished.

Vanquished Creatures (collateral kills)
  2 fire dragons (D)
  4 hell hogs (D)
  2 dancing weapons (D)
  3 efreet (D)
  A freezing wraith (D)
  3 slime creatures (D)
  2 fire elementals (D)
  An ice beast (D)
  A quokka zombie (D)
19 creatures vanquished.

Vanquished Creatures (others)
  4 eldritch tentacles (D)
  10 fire vortices (D)
  11 foxfires (D)
25 creatures vanquished.

Grand Total: 153 creatures vanquished

Notes
Turn   | Place    | Note
-------+----------+-------------------------------------------
     0 | D        | sahdkjhfkaj the Deep Elf Fire Elementalist began the quest
                  | for the Orb.
     0 | D        | Reached XP level 1. HP: 10/10 MP: 6/6
     0 | D        | Found a shimmering blue altar of Sif Muna.
     0 | D        | Found a sacrificial altar of Ru.
     0 | D        | Found a bloodstained altar of Trog.
     0 | D        | Found a stormy altar of Qazlal.
     0 | D        | Found an iron altar of Okawaru.
     0 | D        | Found a sparkling altar of Nemelex Xobeh.
     0 | D        | Found a blossoming altar of Fedhas.
     1 | D        | Found the +6 Majin-Bo {vamp, MP+6 Int+6}
     1 | D        | Found the +9 heavy crossbow "Sniper" {vorpal, Acc+∞ SInv}
     1 | D        | Found the +10 dark maul {vorpal}
     1 | D        | Found the +15 Maxwell's patent armour {-Cast -Tele rElec
                  | MR+ rCorr}
     1 | D        | Found the +18 shield of the Gong {rElec rN+ MR+ EV-5}
     1 | D        | Found the cursed +14 obsidian axe {vorpal, +Fly SInv
                  | *Curse}
     1 | D        | Found the +7 great mace "Firestarter" {inner flame, rF++}
     1 | D        | Found the +6 shillelagh "Devastator" {shatter}
     1 | D        | Found the +11 plutonium sword {*Contam Stlth-}
     1 | D        | Found the +8 lance "Wyrmbane" {slay drac, rPois rF+ rC+
                  | AC+3}
     1 | D        | Found the +9 sword of Zonguldrok {reap}
     1 | D        | Found the cursed +13 scythe of Curses {drain, *Curse}
     1 | D        | Found the +0 sword of Power
     1 | D        | Found the +7 mace of Variability {chain chaos}
     1 | D        | Found the +7 Singing Sword {vorpal, sonic wave}
     1 | D        | Found the +8 storm bow {elec, penet}
     2 | D        | Reached skill level 6 in Spellcasting
     2 | D        | Reached skill level 5 in Fire Magic
     2 | D        | Reached XP level 2. HP: 15/15 MP: 7/11
     7 | D        | Banished a spatial maelstrom
    36 | D        | Found a transporter.
    36 | D        | Found an ancient bone altar of Kikubaaqudgha.
    36 | D        | Found a viscous altar of Jiyva.
    36 | D        | Found a corrupted altar of Lugonu.
    36 | D        | Found a hazy altar of Hepliaklqana.
    36 | D        | Found a burning altar of Makhleb.
    36 | D        | Found an opulent altar of Gozag.
   120 | D        | Became a worshipper of Vehumet
   136 | D        | Entered arena 2.
   136 | D        | Noticed a crimson imp
   136 | D        | Found a transporter.
   143 | D        | Reached skill level 5 in Conjurations
   151 | D        | Killed a crimson imp
   152 | D        | Reached XP level 3. HP: 15/19 MP: 12/12
   162 | D        | Learned a level 3 spell: Inner Flame
   162 | D        | Entered arena 3.
   162 | D        | Found a transporter.
   164 | D        | Reached * piety under Vehumet
   164 | D        | Offered knowledge of Freeze by Vehumet.
   165 | D        | Reached XP level 4. HP: 17/24 MP: 14/14
   230 | D        | Entered arena 4.
   230 | D        | Found a transporter.
   233 | D        | Reached ** piety under Vehumet
   235 | D        | Reached skill level 10 in Conjurations
   235 | D        | Reached XP level 5. HP: 28/28 MP: 15/15
   257 | D        | Learned a level 5 spell: Fireball
   260 | D        | Entered arena 5.
   260 | D        | Noticed a golden eye
   260 | D        | Found a transporter.
   261 | D        | Reached *** piety under Vehumet
   261 | D        | Killed a golden eye
   262 | D        | Reached XP level 6. HP: 26/32 MP: 17/17
   320 | D        | Entered arena 6.
   320 | D        | Noticed a guardian mummy
   320 | D        | Found a transporter.
   321 | D        | Offered knowledge of Sandblast by Vehumet.
   321 | D        | Reached **** piety under Vehumet
   322 | D        | Killed a guardian mummy
   322 | D        | Reached ***** piety under Vehumet
   323 | D        | Reached XP level 7. HP: 25/36 MP: 18/18
   417 | D        | Entered arena 7.
   417 | D        | Noticed a two-headed ogre
   417 | D        | Noticed a two-headed ogre
   417 | D        | Noticed a two-headed ogre
   417 | D        | Noticed a cyclops
   417 | D        | Noticed a two-headed ogre
   418 | D        | Found a transporter.
   421 | D        | Killed a two-headed ogre
   422 | D        | Reached XP level 8. HP: 35/41 MP: 16/19
   422 | D        | Killed a two-headed ogre
   422 | D        | Killed a cyclops
   423 | D        | Reached skill level 14 in Spellcasting
   423 | D        | Reached XP level 9. HP: 40/45 MP: 15/29
   423 | D        | Killed a two-headed ogre
   423 | D        | Killed a two-headed ogre
   424 | D        | Reached skill level 17 in Spellcasting
   528 | D        | Entered arena 8.
   528 | D        | Noticed an eye of devastation
   528 | D        | Noticed a shining eye
   530 | D        | Offered knowledge of Ignite Poison by Vehumet.
   531 | D        | Killed a shining eye
   532 | D        | Reached XP level 10. HP: 45/50 MP: 33/33
   533 | D        | Reached ****** piety under Vehumet
   535 | D        | Killed an eye of devastation
   584 | D        | Found a transporter.
   599 | D        | Learned a level 6 spell: Invisibility
   599 | D        | Entered arena 9.
   599 | D        | Noticed a red ugly thing
   599 | D        | Noticed a salamander
   599 | D        | Noticed a brown ugly thing
   601 | D        | Killed a brown ugly thing
   605 | D        | Killed a brown ugly thing
   606 | D        | Found a transporter.
   608 | D        | Entered arena 10.
   608 | D        | Noticed a green ugly thing
   608 | D        | Noticed a cane toad
   608 | D        | Noticed a shining eye
   608 | D        | Noticed a red ugly thing
   608 | D        | Noticed a cane toad
   610 | D        | Killed a cane toad
   611 | D        | Reached skill level 10 in Hexes
   614 | D        | Found a transporter.
   616 | D        | Killed a shining eye
   616 | D        | Killed a cane toad
   620 | D        | Killed a green ugly thing
   622 | D        | Reached XP level 11. HP: 23/54 MP: 9/34
   628 | D        | Killed a green ugly thing
   629 | D        | Reached skill level 15 in Hexes
   796 | D        | Got the amulet "Tuuzanip" {Regen+ MP+9 Int-5 Dex+3 Stlth+}
   801 | D        | Entered arena 11.
   801 | D        | Noticed a green ugly thing
   801 | D        | Noticed a brown ugly thing
   802 | D        | Offered knowledge of Iskenderun's Mystic Blast by Vehumet.
   803 | D        | Reached skill level 1 in Fighting
   805 | D        | Killed a green ugly thing
   805 | D        | Killed a brown ugly thing
   899 | D        | Found a transporter.
   960 | D        | Entered arena 12.
   960 | D        | Noticed an alligator snapping turtle
   960 | D        | Noticed a satyr
   961 | D        | Found the +3 sling "Punk" {acid, rCorr}
   961 | D        | Noticed a merfolk impaler
   962 | D        | Noticed a merfolk impaler
   962 | D        | Offered knowledge of Frozen Ramparts by Vehumet.
   963 | D        | Killed a merfolk impaler
   963 | D        | Killed a satyr
   964 | D        | Reached skill level 10 in Fighting
   964 | D        | Killed a merfolk impaler
   967 | D        | Noticed a merfolk impaler
   968 | D        | Killed a merfolk impaler
   983 | D        | Killed an alligator snapping turtle
  1027 | D        | Found a transporter.
  1149 | D        | Entered arena 13.
  1149 | D        | Noticed an orb spider
  1149 | D        | Noticed a boulder beetle
  1150 | D        | Noticed a spark wasp
  1150 | D        | Noticed a wolf spider
  1151 | D        | Offered knowledge of Bolt of Magma by Vehumet.
  1152 | D        | Reached XP level 12. HP: 81/81 MP: 31/35
  1154 | D        | Killed a boulder beetle
  1155 | D        | Reached skill level 10 in Dodging
  1157 | D        | Killed a spark wasp
  1158 | D        | Reached skill level 18 in Spellcasting
  1222 | D        | Found a transporter.
  1335 | D        | Got the Collected Works on the Compass and Necromancy
  1347 | D        | Learned a level 7 spell: Malign Gateway
  1347 | D        | Entered arena 14.
  1348 | D        | Noticed a deep elf sorcerer
  1348 | D        | Noticed a deep elf master archer
  1348 | D        | Noticed a deep elf blademaster
  1349 | D        | Noticed a deep elf blademaster
  1349 | D        | Noticed a deep elf blademaster
  1349 | D        | Identified the cursed +0 troll leather armour of Grottiness
                  | {rC+ MR+ Regen+ Str+4}
  1350 | D        | Noticed a deep elf master archer
  1351 | D        | Killed a deep elf sorcerer
  1351 | D        | Noticed a deep elf annihilator
  1352 | D        | Killed a deep elf blademaster
  1352 | D        | Offered knowledge of Irradiate by Vehumet.
  1353 | D        | Killed a deep elf master archer
  1354 | D        | Killed a deep elf blademaster
  1354 | D        | Killed a deep elf blademaster
  1355 | D        | Reached XP level 13. HP: 57/86 MP: 26/37
  1355 | D        | Killed a deep elf master archer
  1355 | D        | Killed a deep elf annihilator
  1358 | D        | Reached skill level 19 in Spellcasting
  1360 | D        | Found a transporter.
  1573 | D        | Learned a level 5 spell: Irradiate
  1602 | D        | Entered arena 15.
  1603 | D        | Noticed a death ooze
  1604 | D        | Noticed an acid blob
  1606 | D        | Offered knowledge of Orb of Destruction by Vehumet.
  1607 | D        | Reached skill level 20 in Spellcasting
  1608 | D        | Killed a death ooze
  1609 | D        | Reached skill level 5 in Evocations
  1612 | D        | Killed an acid blob
  1783 | D        | Found a transporter.
  1810 | D        | Got the Volume of Changing
  1823 | D        | Learned a level 7 spell: Orb of Destruction
  1823 | D        | Entered arena 16.
  1825 | D        | Offered knowledge of Starburst by Vehumet.
  1826 | D        | Noticed a reaper
  1828 | D        | Reached skill level 15 in Conjurations
  1828 | D        | Reached skill level 10 in Evocations
  1829 | D        | Killed a reaper
  2060 | D        | Found a transporter.
  2083 | D        | Learned a level 9 spell: Fire Storm
  2083 | D        | Entered arena 17.
  2087 | D        | Noticed a fire dragon
  2087 | D        | Noticed a fire dragon
  2090 | D        | Offered knowledge of Ozocubu's Refrigeration by Vehumet.
  2091 | D        | Reached skill level 15 in Fire Magic
  2091 | D        | Killed a fire dragon
  2096 | D        | Found a transporter.
  2097 | D        | Killed a fire dragon
  2232 | D        | Entered arena 18.
  2236 | D        | Noticed a yellow draconian
  2236 | D        | Noticed a purple draconian
  2236 | D        | Noticed a red draconian
  2236 | D        | Noticed an electric golem
  2236 | D        | Noticed a shadow dragon
  2236 | D        | Noticed a white draconian
  2236 | D        | Noticed a purple draconian
  2241 | D        | Killed an electric golem
  2241 | D        | Offered knowledge of Conjure Ball Lightning by Vehumet.
  2242 | D        | HP: 4/86 [shadow dragon/bolt of negative energy (39)]
  2246 | D        | Noticed a yellow draconian
  2246 | D        | Noticed a purple draconian
  2246 | D        | Noticed a white draconian
  2247 | D        | Noticed a red draconian
  2247 | D        | Noticed a black draconian
  2248 | D        | Noticed a red draconian
  2250 | D        | Collided with a shadow dragon

Illustrated notes

Levels and vault maps discovered:
D:        sprint_v [room_start, room_1, room_2, room_3, room_4, room_5, room_6,
          room_7, room_8, room_9, room_10, room_11, room_12, room_13, room_14,
          room_15, room_16, room_17, room_18, room_19, room_20, room_21,
          room_22, room_23, room_24, room_25, room_26, room_27]

Skill      XL: |  1  2  3  4  5  6  7  8  9 10 11 12 13 |
---------------+----------------------------------------+-----
Spellcasting   | 6 14 17 18 20 | 20.0
Conjurations   | 4 7 8 10 13 14 16 | 16.7
Fire Magic     | 5 9 13 14 16 | 16.6
Hexes          | 14 15 | 15.0
Fighting       | 12 | 12.0
Dodging        | 6 12 | 12.0
Summonings     | 11 12 | 12.0
Translocations | 11 12 | 12.0
Evocations     | 11 | 11.9
Stealth        | |  2.4

Action                   |  1- 3 |  4- 6 |  7- 9 | 10-12 | 13-15 || total
-------------------------+-------+-------+-------+-------+-------++-------
Melee: Quarterstaff      |     9 |     2 |       |       |       ||    11
 Cast: Foxfire           |     1 |     5 |       |       |       ||     6
       Inner Flame       |     1 |     1 |       |       |       ||     2
       Fireball          |       |     3 |     7 |    48 |    17 ||    75
       Invisibility      |       |       |       |     4 |     4 ||     8
       Malign Gateway    |       |       |       |       |     5 ||     5
       Orb of Destructio |       |       |       |       |     3 ||     3
       Fire Storm        |       |       |       |       |     1 ||     1
       Irradiate         |       |       |       |       |     1 ||     1
Evoke: Wand              |     1 |     1 |       |     4 |       ||     6
  Use: Potion            |     4 |       |     1 |     5 |     4 ||    14
       Scroll            |       |       |       |     3 |       ||     3
 Stab: Sleeping          |     2 |       |       |       |       ||     2
Armor: Robe              |       |       |       |     2 |       ||     2
Dodge: Dodged            |     8 |       |       |    10 |    14 ||    32

Table legend: (Time is in decaauts)
 A = Elapsed time spent in this place.
 B = Non-inter-level travel time spent in this place.
 C = Inter-level travel time spent in this place.
 D = Time resting spent in this place.
 E = Time spent auto-exploring this place.
 F = Levels seen in this place.
 G = Mean time per level.
                   A        B        C        D        E       F      G
               +--------+--------+--------+--------+--------+-----+--------+
         Total |   2234 |   2234 |      0 |   1691 |     54 |   1 | 2234.0 |
       Dungeon |   2234 |   2234 |      0 |   1691 |     54 |   1 | 2234.0 |
               +--------+--------+--------+--------+--------+-----+--------+

Top non-repeatable levels by time:
       D: 2234 daAuts
